 Dungeon Crawl Stone Soup version 0.18.1-50-g88ac8fd (webtiles) character file.

32 Kullungy the Skirmisher (level 3, -3/33 HPs)
             Began as a Hill Orc Fighter on Oct 28, 2016.
             Slain by Sigmund
             ... wielding a +5 scythe of freezing
              (12 damage)
             ... on level 2 of the Dungeon.
             The game lasted 00:15:06 (1202 turns).

Kullungy the Skirmisher (Hill Orc Fighter)          Turns: 1202, Time: 00:15:06

Health: -3/33      AC:  7    Str: 19    XL:     3   Next: 25%
Magic:  3/3        EV:  5    Int:  8    God:
Gold:   42         SH:  9    Dex: 10    Spells: 0 memorised, 2 levels left

rFire  . . .     SeeInvis .     a - +0 war axe
rCold  + . .     Gourm    .     t - -2 chain mail (curse)
rNeg   . . .     Faith    .     c - +0 shield
rPois  .         Spirit   .     (no helmet)
rElec  .         Dismiss  .     (no cloak)
rCorr  .         Reflect  .     (no gloves)
SustAt .         Harm     .     (no boots)
MR     .....                    (no amulet)
Stlth  ..........               (no ring)
                                C - ring of protection from cold

@: not resistant to hostile enchantments, extremely unstealthy
A: no striking features
a: no special abilities


You were on level 2 of the Dungeon.
You were not hungry.

You visited 1 branch of the dungeon, and saw 2 of its levels.

You collected 42 gold pieces.

Inventory:

Hand Weapons
 a - a +0 war axe (weapon)
 h - a +0 dagger
 n - a +0 mace
 o - a +0 club
 p - a +0 club
 s - a cursed -1 club
 u - a cursed +0 club
 z - a +0 short sword
 A - a +1 dagger of venom
 B - a +0 dagger
Missiles
 k - 6 stones (quivered)
 D - 16 arrows
Armour
 b - a +0 scale mail
 c - a +0 shield (worn)
 e - a +0 leather armour
 t - a cursed -2 chain mail (worn)
 x - a +0 ring mail
Jewellery
 C - a ring of protection from cold (left hand)
Scrolls
 g - a scroll of enchant armour {unknown}
 j - a scroll of fog {unknown}
 l - 3 scrolls of identify {unknown}
 m - 2 scrolls of remove curse {unknown}
 r - a scroll of amnesia {unknown}
 w - a scroll of enchant weapon {unknown}
 y - a scroll of random uselessness {unknown}
Potions
 d - a potion of might
 i - 2 potions of lignification {unknown}
 q - a potion of agility {unknown}
 v - a potion of curing
 E - a potion of flight {unknown}
Comestibles
 f - a bread ration


   Skills:
 + Level 3.9 Fighting
 + Level 3.1 Axes
 + Level 3.7 Armour
 + Level 0.1 Dodging
 + Level 3.8 Shields


You had 2 spell levels left.
You didn't know any spells.

Dungeon Overview and Level Annotations

Branches:
Dungeon (2/15)

Altars:

Annotations:
D:2 Sigmund


Message History

Sigmund gestures at you while chanting. The magic dart hits you!
You hit Sigmund.
Sigmund is moderately wounded.
You feel sick.
Sigmund hits you with a scythe of freezing!
* * * LOW HITPOINT WARNING * * *
Sigmund gestures wildly while chanting.
Sigmund flickers and vanishes!
Deactivating autopickup; reactivate with Ctrl-A.
You feel sick.
You feel better. Something hits you.
* * * LOW HITPOINT WARNING * * *
There are no items here.
Throwing (i - inventory):
k - 7 stones (quivered)
Press: ? - help, Shift-Dir - straight line You throw a stone.
Something hits you but does no damage. The hobgoblin barely misses you.
Something hits you!
You die...

...(#.##### #..#
###.(......##..#
#.............#
###.........## #..........#
##.......#.## #.......#..##
#g.....<##..#
#..@....###.########
#.......##.....#....
#######.............
##............ #...>........
#### #### #............
....# ...## #............
....# #..# #............
#..######.######....†.......


You could see a hobgoblin.

Vanquished Creatures
  An ooze (D:1)
  A ball python (D:1)
  2 bats (D:2)
  A giant cockroach (D:1)
  2 hobgoblins
  4 jackals (D:2)
  3 kobolds
  3 giant newts (D:1)
  5 goblins
  3 rats (D:1)
25 creatures vanquished.

Notes
Turn   | Place    | Note
--------------------------------------------------------------
     0 | D:1      | Kullungy the Hill Orc Fighter began the quest for the Orb.
     0 | D:1      | Reached XP level 1. HP: 19/19 MP: 1/1
   707 | D:1      | Reached XP level 2. HP: 27/27 MP: 2/2
   940 | D:2      | Reached XP level 3. HP: 32/33 MP: 3/3
  1187 | D:2      | Noticed Sigmund
  1202 | D:2      | Slain by Sigmund

Skill      XL: |  1  2 |
---------------+-------+-----
Axes           | 3 |  3.1
Fighting       | |  3.9
Armour         | |  3.7
Dodging        | |  0.1
Shields        | |  3.8

Action                   || total
-------------------------++-------
Melee: War axe           ||    78
Throw: Stone             ||     2
  Use: Potion            ||     2
  Eat: Chunk             ||     1
Armor: Scale mail        ||    49
       Chain mail        ||     2
Dodge: Dodged            ||    31
Block: Shield            ||    47
